 Dungeon Crawl Stone Soup version 0.30-a0-1163-gf69bf04e7a (webtiles) character file.

Game seed: 9266380215675598052

2225 cforsyth the Summoner (level 8, -7/57 HPs)
             Began as a Demigod Summoner on Apr 28, 2023.
             Shot with an arrow by a centaur (8 damage)
             ... on level 7 of the Dungeon.
             The game lasted 00:19:36 (8668 turns).

cforsyth the Summoner (Demigod Summoner)            Turns: 8668, Time: 00:19:37

Health: -7/57      AC:  5    Str:  9    XL:     8   Next: 90%
Magic:  11/23      EV: 12    Int: 25    God:
Gold:   323        SH:  0    Dex: 14    Spells: 8/21 levels left

rFire   + + .        C - +1 sling of Judgement {heavy, rN+}
rCold   . . .        (no shield)
rNeg    + . .        t - +1 robe {rF+}
rPois   +            (no helmet)
rElec   .            s - +1 cloak of Suguhunt {rF+}
rCorr   .            (no gloves)
SInv    .            (no boots)
Will    .....        u - amulet of the acrobat
Stlth   ++           c - ring of flight
HPRegen 0.29/turn    B - ring of poison resistance
MPRegen 0.18/turn

%: acrobat
@: flying
A: high MP 1, forlorn, divine attributes
a: no special abilities


You were on level 7 of the Dungeon.
You visited 1 branch of the dungeon, and saw 7 of its levels.

You collected 395 gold pieces.
You spent 72 gold pieces at shops.

Inventory:

Hand Weapons
 C - the +1 sling of Judgement (weapon) {heavy, rN+}
   (You found it on level 6 of the Dungeon)

   rN:        It protects you from negative energy.
Missiles
 z - a throwing net
Armour
 s - the +1 cloak of Suguhunt (worn) {rF+}
   (You found it on level 4 of the Dungeon)

   rF:        It protects you from fire.
 t - a +1 robe of fire resistance (worn)
Jewellery
 c - a ring of flight (left hand)
 u - an amulet of the acrobat (around neck)
 B - a ring of poison resistance (right hand)
Wands
 k - a wand of paralysis (13)
 r - a wand of roots (19)
 v - a wand of flame (42)
Scrolls
 a - a scroll of poison {unknown}
 d - a scroll of noise {unknown}
 e - 5 scrolls of teleportation {unknown}
 f - a scroll of summoning {unknown}
 g - 2 scrolls of fog {unknown}
 h - a scroll of blinking {unknown}
 i - 2 scrolls of fear
 j - 2 scrolls of brand weapon {unknown}
 n - a scroll of amnesia
 q - 2 scrolls of immolation
 y - a scroll of enchant weapon
 A - a scroll of torment {unknown}
 F - a scroll of silence {unknown}
 G - 2 scrolls of identify
Potions
 b - a potion of magic
 m - a potion of heal wounds
 o - 3 potions of flight
 p - a potion of attraction
 w - a potion of brilliance
 x - 2 potions of haste
 D - 2 potions of lignification {unknown}
 E - a potion of might {unknown}


   Skills:
 - Level 1.7 Dodging
 - Level 1.7 Stealth
 + Level 7.4 Spellcasting
 + Level 8.7 Summonings


You had 8 spell levels left.
You knew the following spells:

 Your Spells              Type           Power      Damage    Failure   Level
a - Summon Small Mammal   Summ           100%       N/A       1%          1
b - Call Imp              Summ           100%       N/A       1%          2
c - Call Canine Familiar  Summ           52%        N/A       1%          3
d - Summon Guardian Gole  Hex/Summ       31%        N/A       3%          3
e - Summon Lightning Spi  Summ/Air       31%        N/A       11%         4

Your spell library contained the following spells:

 Spells                   Type           Power      Damage    Failure   Level
 Apportation              Tloc           18%        N/A       6%          1
 Blink                    Tloc           18%        N/A       10%         2
 Lesser Beckoning         Tloc           18%        N/A       10%         2
 Momentum Strike          Conj/Tloc      18%        3d8       10%         2
 Scorch                   Fire           18%        2d5       10%         2
 Portal Projectile        Hex/Tloc       18%        N/A       19%         3
 Tukima's Dance           Hex            9%         N/A       19%         3
 Summon Cactus Giant      Summ           26%        N/A       26%         6
 Flame Wave               Conj/Fire      9%         2d6       54%         4
 Alistair's Intoxication  Tmut/Pois      6%         N/A       87%         5
 Blade Hands              Tmut           4%         N/A       87%         5


Dungeon Overview and Level Annotations

Branches:
Dungeon (7/15)             Temple (0/1) D:6

Shops:
D:2 =*?


Innate Abilities, Weirdness & Mutations

You have an increased reservoir of magic. (+10% MP)
You shall have no god before yourself.
Your divine heritage dramatically boosts your attributes as you level up.


Message History

The centaur shoots an arrow.
The arrow hits your guardian golem!
The centaur shoots an arrow.
The arrow hits your guardian golem but does no damage.
Your guardian golem overheats!
The sky beast flickers out of sight!
Deactivating autopickup; reactivate with Ctrl-A.
Something hits you. Something shocks you.
Casting: Summon Lightning Spire (dangerous; 11% risk of failure)
Confirm with . or Enter, or press ? or * to list all spells.
The centaur shoots an arrow.
The arrow barely misses your guardian golem.
The arrow hits you! Something hits you but does no damage.
Casting: Call Canine Familiar (safe; 1% risk of failure)
Confirm with . or Enter, or press ? or * to list all spells.
A tiny devil pulls itself out of the air.
The centaur shoots an arrow.
The arrow hits your guardian golem! Flame seeps out of your guardian golem.
Your wolf barely misses something.
The centaur shoots an arrow.
The arrow barely misses your guardian golem.
The arrow hits you!
The orc throws a boomerang.
The boomerang barely misses your wolf. The boomerang completely misses you.
A sky beast appears from thin air!
Reactivating autopickup.
The sky beast hits you. The sky beast shocks you.
Your guardian golem is engulfed in blazing flames.
Your guardian golem disappears in a puff of smoke!
Your guardian golem explodes!
The fiery explosion engulfs the sky beast!
The fiery explosion engulfs you! You resist.
* * * LOW HITPOINT WARNING * * *
The fiery explosion engulfs your cerulean imp!!
Your cerulean imp dies!
Your cerulean imp disappears in a puff of smoke!
Casting: Call Imp (safe; 1% risk of failure)
Confirm with . or Enter, or press ? or * to list all spells.
You are engulfed in blazing flames.
You resist.
* * * LOW HITPOINT WARNING * * *
Your wolf closely misses the sky beast.
The centaur shoots an arrow.
The arrow hits you!
You die...

.....# .....#
.....############+##
.....##...#........#
...)....#..........#
...)..#.#.#....#...#
).###..###....##.r##
..#...## #######..#
..#.##. ....ohY@+#
..#. ##
#######○§...... ..#
#§§8..... ..#
#..###+## ..# ...#
..# ...# ..# ....
..# ....c ..#


You could see a sky beast (ally target), a centaur, an orc, a friendly wolf
(summoned), a friendly lightning spire (summoned) and a friendly rat (summoned).

Vanquished Creatures
  A hound (D:4)
  A giant cockroach (D:1)
  A jackal (D:4)
  2 ball pythons
  A bat (D:2)
  A rat (D:5)
7 creatures vanquished.

Vanquished Creatures (collateral kills)
  A wraith (D:7)
  Menkaure (D:5)
  A water moccasin (D:7)
  2 ice beasts
  A phantom (D:6)
  A kobold brigand (D:6)
  A bullfrog (D:6)
  2 scorpions
  A wight (D:4)
  A nameless horror (D:2)
  A howler monkey (D:5)
  4 orc priests
  A hound (D:5)
  2 jellies
  Crazy Yiuf (D:6)
  An iguana (D:5)
  7 orc wizards
  Robin (D:2)
  4 gnolls
  6 adders
  A river rat (D:5)
  A shadow imp (D:5)
  A white imp (D:7)
  An ufetubus (D:4)
  4 worms
  5 dart slugs
  30 orcs
  5 ball pythons
  A bat (D:1)
  6 endoplasms
  5 giant cockroaches
  12 goblins
  8 hobgoblins
  7 jackals
  10 kobolds
  6 quokkas
  3 frilled lizards
  3 rats
149 creatures vanquished.

Vanquished Creatures (others)
  A steam dragon (D:6)
  Edmund (D:6)
  An orc warrior (D:7)
  2 wights (D:4)
  An orc wizard (D:7)
  3 gnolls (D:3)
  An orc (D:7)
  5 fungi (D:6)
15 creatures vanquished.

Grand Total: 171 creatures vanquished

Notes
Turn   | Place    | Note
-------+----------+-------------------------------------------
     0 | D:1      | cforsyth the Demigod Summoner began the quest for the Orb.
     0 | D:1      | Reached XP level 1. HP: 14/14 MP: 5/5
   336 | D:1      | Reached XP level 2. HP: 19/20 MP: 4/7
   339 | D:1      | Learned a level 2 spell: Call Imp
   569 | D:1      | Reached skill level 4 in Summonings
  1058 | D:1      | Reached XP level 3. HP: 26/26 MP: 4/9
  1062 | D:1      | Learned a level 3 spell: Call Canine Familiar
  1302 | D:2      | Found Koiwo's Assorted Antiques.
  1335 | D:2      | Bought a scroll labelled RUSUF COOTZAXTIA for 24 gold
                  | pieces
  1335 | D:2      | Bought a scroll labelled IDWEON PIPSIN for 24 gold pieces
  1516 | D:2      | Identified the +7 whip "Dic Goa" {distort, rN+ Int-3 Dex+3}
  1666 | D:2      | Found Potaepna's Jewellery Emporium.
  2008 | D:2      | Noticed Robin
  2418 | D:2      | Found Fazeptoim's Magic Scroll Boutique.
  2756 | D:2      | Bought a scroll labelled WUTTAG PEHU for 24 gold pieces
  2797 | D:2      | Killed Robin
  2798 | D:2      | Reached XP level 4. HP: 27/33 MP: 1/11
  2944 | D:3      | Learned a level 3 spell: Summon Guardian Golem
  3069 | D:3      | Noticed a nameless horror
  3484 | D:2      | Killed a nameless horror
  4548 | D:4      | Reached XP level 5. HP: 28/38 MP: 2/13
  4679 | D:4      | Reached skill level 5 in Summonings
  4858 | D:4      | Identified the +1 cloak of Suguhunt {rF+}
  4887 | D:4      | Reached XP level 6. HP: 45/45 MP: 2/15
  5676 | D:5      | Entered Level 5 of the Dungeon
  5805 | D:5      | Learned a level 4 spell: Summon Lightning Spire
  5808 | D:5      | Noticed Menkaure
  5817 | D:5      | Killed Menkaure
  5818 | D:5      | Reached skill level 6 in Summonings
  5918 | D:5      | Reached XP level 7. HP: 48/50 MP: 17/17
  6122 | D:5      | Reached skill level 5 in Spellcasting
  6874 | D:6      | Identified the +1 sling of Judgement {heavy, rN+}
  6973 | D:6      | Found a staircase to the Ecumenical Temple.
  7229 | D:6      | Reached skill level 7 in Summonings
  7263 | D:6      | Noticed a steam dragon
  7282 | D:6      | Killed a steam dragon
  7287 | D:6      | Reached XP level 8. HP: 48/57 MP: 8/20
  7773 | D:6      | Noticed Edmund
  7789 | D:6      | Killed Edmund
  7984 | D:6      | Found a runed translucent door.
  7985 | D:6      | Noticed Crazy Yiuf
  7993 | D:6      | Killed Crazy Yiuf
  8037 | D:7      | Reached skill level 8 in Summonings
  8668 | D:7      | HP: 1/57 [themself] (7)]
  8668 | D:7      | Shot with an arrow by a centaur

Illustrated notes

Levels and vault maps discovered:
D:1:      sevenhm_arrival_forest_fort_small_3, layout_basic,
          ebering_ecumenical_altar_webs
D:2:      layout_loops_corners, basic_altar, serial_shops, shop_statue,
          nicolae_shop_getting_attention,
          nicolae_shop_temple_entry_statues_fountains, uniq_robin
D:3:      layout_basic
D:4:      layout_basic
D:5:      layout_gridville, mainiacjoe_overflow_alcove_2,
          gup_sewer_entry_spiral, uniq_menkaure
D:6:      layout_basic, minmay_temple_entry_waves,
          chequers_serial_rivers_micro_d, uniq_crazy_yiuf_cottage, uniq_edmund
D:7:      cheibrodos_wizards_tower, layout_gridville, nicolae_water_bricks,
          minmay_manual_monstrance

Skill      XL: |  1  2  3  4  5  6  7  8 |
---------------+-------------------------+-----
Spellcasting   | 2 3 4 6 7 |  7.4
Summonings     | 4 5 6 7 8 |  8.7
Dodging        | |  1.7
Stealth        | |  1.7

Action                     |  1- 3 |  4- 6 |  7- 9 || total
---------------------------+-------+-------+-------++-------
  Melee: Unarmed           |   110 |    92 |    14 ||   216
         Punch             |       |     2 |       ||     2
   Fire: Sling             |       |       |    12 ||    12
   Cast: Summon Small Mamm |    45 |    21 |    15 ||    81
         Call Imp          |    18 |    11 |    16 ||    45
         Call Canine Famil |    17 |    22 |    18 ||    57
         Summon Guardian G |       |     5 |    12 ||    17
         Summon Lightning  |       |     1 |    10 ||    11
    Use: Scroll            |       |    10 |       ||    10
   Stab: Distracted        |     1 |     5 |       ||     6
 Armour: Robe              |    29 |    32 |    10 ||    71
  Dodge: Dodged            |    77 |    95 |    36 ||   208

Table legend: (Time is in decaauts)
 A = Elapsed time spent in this place.
 B = Non-inter-level travel time spent in this place.
 C = Inter-level travel time spent in this place.
 D = Time resting spent in this place.
 E = Time spent auto-exploring this place.
 F = Levels seen in this place.
 G = Mean time per level.
                   A        B        C        D        E       F      G
               +--------+--------+--------+--------+--------+-----+--------+
         Total |   8681 |   8529 |    152 |    461 |   5986 |   7 | 1240.1 |
       Dungeon |   8681 |   8529 |    152 |    461 |   5986 |   7 | 1240.1 |
               +--------+--------+--------+--------+--------+-----+--------+

Top non-repeatable levels by time:
     D:2: 2205 daAuts
     D:6: 1272 daAuts
     D:1: 1248 daAuts
     D:4: 1139 daAuts
     D:5: 1092 daAuts
     D:3: 1084 daAuts
     D:7: 637 daAuts
